 Dungeon Crawl Stone Soup version 0.22-a0-596-gfbd32a6 (webtiles) character file.

147 galech the Skirmisher (level 5, 0/57 HPs)
             Began as an Ogre Berserker on July 5, 2018.
             Was a Believer of Trog.
             Succumbed to varam's ghost's poison
             ... on level 3 of the Dungeon.
             The game lasted 00:02:28 (2321 turns).

galech the Skirmisher (Ogre Berserker)              Turns: 2321, Time: 00:02:29

Health: 0/57       AC:  3    Str: 21    XL:     5   Next: 29%
Magic:  5/5        EV: 11    Int:  8    God:    Trog [**....]
Gold:   199        SH:  0    Dex:  9    Spells: 4/4 levels left

rFire    . . .     SeeInvis .   a - +0 mace
rCold    . . .     Gourm    .   (no shield)
rNeg     . . .     Faith    .   b - +0 animal skin
rPois    .         Spirit   .   (helmet restricted)
rElec    .         Reflect  .   (no cloak)
rCorr    .         Harm     .   (gloves unavailable)
MR       .....                  (boots unavailable)
Stlth    +.........             (no amulet)
HPRegen  0.19/turn              h - ring of wizardry
MPRegen  0.09/turn              (no ring)

@: lethally poisoned (0 -> -20), berserk cooldown, flying, slowed, very slow
A: large, unfitting armour, tough skin 1
a: Berserk, Trog's Hand, Renounce Religion


You were on level 3 of the Dungeon.
You worshipped Trog.
Trog was pleased with you.
You were near starving.

You visited 1 branch of the dungeon, and saw 4 of its levels.

You collected 199 gold pieces.

Inventory:

Hand Weapons
 a - a +0 mace (weapon)
Armour
 b - a +0 animal skin (worn)
Jewellery
 h - a ring of wizardry (left hand)
 t - a +5 ring of protection {unknown}
Scrolls
 d - a scroll of random uselessness {unknown}
 e - 2 scrolls of fear {unknown}
 g - 5 scrolls of identify {unknown}
 j - 2 scrolls of teleportation {unknown}
 m - a scroll of immolation {unknown}
 q - 3 scrolls of magic mapping {unknown}
Potions
 f - a potion of degeneration {unknown}
 i - a potion of might {unknown}
 k - a potion of magic {unknown}
 l - a potion of invisibility {unknown}
 n - a potion of curing {unknown}
 p - a potion of brilliance {unknown}
 r - a potion of berserk rage {unknown}
Comestibles
 c - 7 rations
 s - a chunk of flesh


   Skills:
 + Level 5.3 Fighting
 + Level 3.8 Maces & Flails
 + Level 3.7 Dodging
 + Level 0.2 Stealth


You had 4 spell levels left.
You didn't know any spells.
Your spell library was empty.

Dungeon Overview and Level Annotations

Branches:
Dungeon (4/15)
 Temple: D:4-7

Altars:
Nemelex Xobeh

Annotations:
D:3 varam's ghost, amateur OpWz


Innate Abilities, Weirdness & Mutations

You are too large for most types of armour.
You have tough skin. (AC +1)


Message History

You feel very sick.
The crimson imp blinks!
Varam's ghost hits you.
* * * LOW HITPOINT WARNING * * *
The iron imp closely misses you.
You hit varam's ghost but do no damage.
Varam's ghost is severely damaged.
* * * LOW HITPOINT WARNING * * *
You feel very sick.
Varam's ghost hits you but does no damage.
You are more poisoned.
The crimson imp grinds its teeth.
The crimson imp barely misses you. The iron imp closely misses you.
Varam's ghost casts a spell.
The crimson imp hits you.
* * * LOW HITPOINT WARNING * * *
The iron imp misses you.
It was a potion of flight.
You feel very buoyant.
You fly up into the air.
You die...

#.≈.# #..#.#### #.≈.#
##.)...... #.≈$#
#......<..
#.≈.#########(.##.
##'###......(.####
####...##.###..### #
#.........####.##
#...5[....#..†..#####
#...@W.>........#....
#....5.[........#.###
#......5..#.....#.#
######..###.....#.#
##.#########.#
#...........#
#############


You could see an iron imp, varam's ghost, a crimson imp and a shadow imp.

Vanquished Creatures
  A bullfrog skeleton (D:3)
  A worker ant (D:4)
  A hound skeleton (D:4)
  3 gnolls (D:2)
  An ooze (D:3)
  A worm (D:2)
  A dart slug (D:4)
  A leopard gecko (D:4)
  5 bats
  A giant cockroach (D:3)
  4 goblins
  5 hobgoblins
  6 jackals
  5 kobolds
  A quokka (D:2)
  3 rats
40 creatures vanquished.

Vanquished Creatures (others)
  5 toadstools (D:4)
5 creatures vanquished.

Grand Total: 45 creatures vanquished

Notes
Turn   | Place    | Note
-------+----------+-------------------------------------------
     0 | D:1      | galech the Ogre Berserker began the quest for the Orb.
     0 | D:1      | Reached XP level 1. HP: 24/24 MP: 1/1
   175 | D:1      | Reached XP level 2. HP: 20/32 MP: 2/2
   760 | D:2      | You fall through a shaft for 2 floors!
   779 | D:4      | Reached XP level 3. HP: 40/40 MP: 3/3
   834 | D:4      | Reached XP level 4. HP: 21/49 MP: 4/4
  1043 | D:4      | Found a sparkling altar of Nemelex Xobeh.
  1105 | D:4      | Reached ** piety under Trog
  1260 | D:2      | Reached skill level 5 in Fighting
  1965 | D:3      | Reached XP level 5. HP: 28/57 MP: 5/5
  2145 | D:3      | Found a runed door.
  2149 | D:3      | Noticed varam's ghost (amateur OpWz)
  2321 | D:3      | Succumbed to varam's ghost's poison

Vault maps used:
D:1:      minmay_arrival_doors
D:3:      serial_co_window_serial, co_window_paths_a, co_window_paths_a,
          co_window_of_opportunity_a, co_window_of_opportunity_a,
          co_window_of_opportunity_a, co_window_corner_b,
          co_window_of_opportunity_c, co_window_corner_b, glass_columns_c,
          ebering_ghost_reflecting_pool
D:4:      cheibrodos_fertilizer, nemelex_xobeh_ov_fountains_minmay, first_ration

Skill      XL: |  1  2  3  4 |
---------------+-------------+-----
Dodging        | 3 |  3.7
Maces & Flails | 3 |  3.8
Fighting       | 5 |  5.3
Stealth        | |  0.2

Action                   |  1- 3 |  4- 6 || total
-------------------------+-------+-------++-------
Melee: Mace              |    50 |    91 ||   141
Invok: Berserk           |     2 |     2 ||     4
       Trog's Hand       |       |     1 ||     1
  Use: Potion            |       |     1 ||     1
  Eat: Chunk             |       |     7 ||     7
Armor: Animal skin       |    14 |    26 ||    40
Dodge: Dodged            |    29 |    67 ||    96

Table legend:
 A = Spawn XP
 B = Non-spawn XP
 C = Spawn XP percentage of total XP
 D = Spawn monster count
 E = Non-spawn monster count
 F = Spawn count percentage of total count
 G = Total turns spent on level
                    A         B        C        D         E        F      G
               +---------+---------+-------+---------+---------+-------+---------
         Total |       0 |     210 |   0.0 |       0 |      40 |   0.0 |  2321
               +---------+---------+-------+---------+---------+-------+---------
           D:1 |       0 |      23 |   0.0 |       0 |      12 |   0.0 |   711
           D:2 |       0 |      64 |   0.0 |       0 |      14 |   0.0 |   801
           D:3 |       0 |      56 |   0.0 |       0 |       7 |   0.0 |   389
           D:4 |       0 |      67 |   0.0 |       0 |       7 |   0.0 |   420
               +---------+---------+-------+---------+---------+-------+---------
